Map: Ulrena

Players

라잉토

  • Race: Protoss Protoss
  • League: Platinum

ILLBdA - Winner!

  • Race: Protoss Protoss
  • League: Diamond

VOD

Have the link to the VOD?

Description

Time

  • Played on: Dec. 31, 2015, 3:57 a.m.
  • Length: 1:29
Show
View Real Time Build Order
Export as new Build Order

라잉토 Protoss 

Build Orders:  

Get SALT Encoding   

  12  0:12  Pylon  
  12  0:14  Probe (Chrono Boost)  
  13  0:26  Probe (Chrono Boost)  
  14  0:33  Gateway  
  14  0:39  Assimilator  
  14  0:41  Probe (Chrono Boost)  
  15  0:52  Probe (Chrono Boost)  
  15  0:53  Assimilator  
  16  1:02  Probe (Chrono Boost)  
  17  1:13  Probe (Chrono Boost)  
  18  1:20  Cybernetics Core  
Show
View Real Time Build Order
Export as new Build Order

ILLBdA Protoss - Winner!

Build Orders:  

Get SALT Encoding   

  12  0:01  Probe (Chrono Boost)  
  13  0:11  Probe (Chrono Boost)  
  14  0:17  Pylon  
  14  0:22  Probe (Chrono Boost)  
  15  0:36  Probe (Chrono Boost)  
  15  0:38  Forge  
  16  0:46  Probe (Chrono Boost)  
  18  0:57  Probe (Chrono Boost)  
  18  1:12  Probe (Chrono Boost)  
  18  1:15  Pylon  
  18  1:17  Pylon  
  19  1:18  Pylon  
Tags
 
Matchup
PvP
Replay Pack
me
Add a new tag
Caveats
  • Supply blocks, unpowered buildings, or Contaminate may cause inaccurate times.
  • Supply counts are checked every 10 seconds.